 Dungeon Crawl Stone Soup version 0.31-a0-1001-g770356a28f (webtiles) character file.

Game seed: 4352220512809702426

30437 BinkBink the Fighter (level 13, 0/118 HPs)
             Began as a Minotaur Fighter on Nov 8, 2023.
             Was a High Priest of Okawaru.
             Killed from afar by an orc wizard (4 damage)
             ... with a magic dart
             ... on level 13 of the Dungeon.
             The game lasted 00:23:45 (12516 turns).

BinkBink the Fighter (Minotaur Fighter)            Turns: 12516, Time: 00:23:45

Health: 0/118      AC: 11    Str: 27    XL:     13   Next: 20%
Magic:  16/16      EV: 17    Int:  5    God:    Okawaru [*****.]
Gold:   484        SH:  9    Dex: 12    Spells: 12/12 levels left

rFire   . . .        s - +10 hand axe of Xakk {speed, rPois Will+}
rCold   . . .        c - +1 buckler
rNeg    . . .        z - +3 ring mail of Uphilan {Str+3}
rPois   +            (helmet restricted)
rElec   .            (no cloak)
rCorr   +            (no gloves)
SInv    .            (no boots)
Will    +....        j - amulet of regeneration
Stlth   ++           h - ring of resist corrosion
HPRegen 1.19/turn    (no ring)
MPRegen 0.15/turn

%: no passive effects
@: heroic
A: horns 2, retaliatory headbutt
a: Renounce Religion, Heroism, Finesse, Duel


You were on level 13 of the Dungeon.
You worshipped Okawaru.
Okawaru was extremely pleased with you.
You visited 2 branches of the dungeon, and saw 14 of its levels.
You also visited: Sewer and Bailey.

You collected 652 gold pieces.
You spent 168 gold pieces at shops.

Inventory:

Hand Weapons
 a - a +1 heavy war axe
 d - a +4 broad axe of flaming
 s - the +10 hand axe of Xakk (weapon) {speed, rPois Will+}
   (You bought it in a shop on level 10 of the Dungeon)

   rPois:     It protects you from poison Will+: It increases your willpower.
Missiles
 p - 2 throwing nets (quivered)
Armour
 c - a +1 buckler (worn)
 w - the +0 ring mail of Biyro {-Cast Regen+ Dex+6}
   (You found it on level 3 of the Dungeon)

   Dex+6:     It affects your dexterity (+6).
   -Cast:     It prevents spellcasting.
   Regen+:    It increases your rate of health regeneration.
 z - the +3 ring mail of Uphilan (worn) {Str+3}
   (You found it on level 5 of the Dungeon)

   Str+3:     It affects your strength (+3).
Jewellery
 h - a ring of resist corrosion (left hand)
 j - an amulet of regeneration (around neck)
Wands
 i - a wand of flame (2)
 q - a wand of light (20)
 x - a wand of charming (5)
 B - a wand of polymorph (14)
Scrolls
 b - a scroll of fear
 f - 4 scrolls of immolation
 g - 3 scrolls of amnesia
 k - 3 scrolls of blinking
 l - a scroll of fog
 m - a scroll of vulnerability
 y - 2 scrolls of noise
 C - 2 scrolls of enchant armour
Potions
 e - 2 potions of haste
 n - 2 potions of resistance
 o - a potion of degeneration
 r - 2 potions of curing
 t - 2 potions of cancellation
 u - 2 potions of magic
 v - a potion of ambrosia {unknown}
 A - 5 potions of attraction
 D - 2 potions of heal wounds
 E - a potion of invisibility
 F - a potion of might


   Skills:
 * Level 12.3(17.3) Fighting
 * Level 11.9(16.9) Axes
 * Level 12.2(17.2) Armour
 * Level 10.5(15.5) Dodging
 * Level 12.2(17.2) Shields
 + Level 5.7 Invocations


You had 12 spell levels left.
You didn't know any spells.
Your spell library contained the following spells:

 Spells                   Type           Power      Damage    Failure   Level
 Apportation              Tloc           0%         N/A       58%         1
 Necrotise                Necr           0%         1d4       58%         1
 Slow                     Hex            0%         N/A       58%         1
 Blink                    Tloc           0%         N/A       73%         2
 Jinxbite                 Hex            0%         N/A       73%         2
 Sublimation of Blood     Necr           0%         N/A       73%         2
 Wereblood                Tmut           0%         N/A       73%         2
 Confusing Touch          Hex            0%         N/A       91%         3
 Sigil of Binding         Hex            0%         N/A       91%         3
 Stone Arrow              Conj/Erth      0%         3d7       91%         3
 Vampiric Draining        Necr           0%         2d6       91%         3
 Manifold Assault         Tloc           0%         N/A       100%        4
 Agony                    Necr           0%         N/A       100%        5
 Alistair's Intoxication  Tmut/Pois      0%         N/A       100%        5
 Irradiate                Conj/Tmut      0%         3d11      100%        5
 Lehudib's Crystal Spear  Conj/Erth      0%         10d2      100%        8
 Animate Armour           Summ/Erth      Unusable   N/A       N/A         4
 Summon Hydra             Summ           Unusable   N/A       N/A         7

Dungeon Overview and Level Annotations

Branches:
Dungeon (13/15)            Temple (1/1) D:7            Lair (0/5) D:11
    Orc (0/2) D:12          Sewer (visited)          Bailey (visited)
 Vaults: D:13-14

Altars:
Ashenzari
Cheibriados
Dithmenos
Elyvilon
Fedhas
Gozag
Hepliaklqana
Kikubaaqudgha
Makhleb
Nemelex Xobeh
Okawaru
Qazlal
Ru
Sif Muna
Trog
Uskayaw
Vehumet
Wu Jian
Xom
Yredelemnul
Zin
The Shining One

Shops:
D:8 =   D:10 (   D:12 =:*(

Annotations:
D:2 1 runed translucent door, Crazy Yiuf
D:3 3 runed translucent doors, BinkBink's ghost, amateur DECj


Innate Abilities, Weirdness & Mutations

You have a pair of horns on your head.
You reflexively headbutt those who attack you in melee.


Message History

Okawaru accepts your kill.
An orc warrior comes into view. It is wielding a +0 flail.
You barely miss the kobold. You hit the kobold.
Your headbutt misses the kobold.
The kobold is severely wounded.
The orc wizard casts a spell.
The orc wizard flickers and vanishes!
Deactivating autopickup; reactivate with Ctrl-A.
The kobold closely misses you. You furiously retaliate!
You headbutt the kobold!
You kill the kobold!
You hit the kobold.
You kill the kobold!
You hit the orc knight.
The orc knight is lightly wounded.
You hit the orc knight but do no damage.
You headbutt the orc knight, but do no damage.
The orc knight is lightly wounded.
The orc knight unwields a +0 arbalest.
The orc knight wields a +2 great sword.
You block the orc knight's attack.
You slash the orc knight!
The orc knight is moderately wounded.
You hit the orc knight. Your headbutt misses the orc knight.
The orc knight is moderately wounded.
You slash the orc knight! Your headbutt misses the orc knight.
The orc knight is heavily wounded.
You closely miss the orc knight. You headbutt the orc knight.
The orc knight is heavily wounded.
A magic dart appears from out of thin air!
The magic dart hits you but does no damage.
You slash the orc knight!
You headbutt the orc knight, but do no damage.
The orc knight is heavily wounded.
The orc knight hits you with a +2 great sword!
* * * LOW HITPOINT WARNING * * *
You slash the orc knight!
The orc knight is severely wounded.
A magic dart appears from out of thin air!
The magic dart hits you.
You die...

,,*,,,*,*,#.#..#.#,*,*,**,,,,,,,*
*,,,***,.##.#..#.##O,*,,,,,,,,,,*
,,,,,**,*..........*,*,,,,,,,****
,,,,,*#####.#..#.#####,,,,,,,,**
,,,,,,,..............,,,,,,,,,,*
,,,,,,,,,..........,,,,,,,,,,,,*
,,,,,,**###.#..#.#####,,,,,,,,,*
*,,****,#.....{)o..#.#,,,,,,,,,*
,,****#..##.#..#@##..#,,,,,,,,,*
,,,,,,*,*o#.#..#)#.#,*,,,,,,,,,*
,,,,,,*,,*o##..##)#,,*,,,,,,,,**
*,,,,,*∩,..,#..#....[#,*,,,,,**
,,,,,,#######..#######********
,,,,,,..........######
,,,,,,........#$#######
,,,,,,........#.#######
,,,,,,...........######


You could see an orc knight.

Vanquished Creatures
  An orc warlord (Bailey)
  4 centaur warriors
  Erica (D:8)
  3 boulder beetles
  An ogre mage (D:13)
  5 two-headed ogres
  4 skeletal warriors
  A manticore (D:11)
  A cyclops (D:10)
  A centaur zombie (D:10)
  A gargoyle (D:12)
  An unseen horror (D:12)
  A kobold demonologist (D:11)
  An unseen horror zombie (D:10)
  3 trolls
  A shadow (D:11)
  2 vampires
  2 wraiths
  6 yaks (D:10)
  5 steam dragons
  3 acid dragons
  A water moccasin (D:6)
  2 black bears
  An ice beast (D:5)
  10 orc warriors
  3 ogres
  17 centaurs
  9 boggarts
  Blork the orc (D:5)
  4 bullfrogs
  5 kobold brigands
  A scorpion (D:6)
  A gnoll sergeant (D:6)
  5 wights (D:7)
  17 killer bees (D:9)
  2 electric eels (D:8)
  2 howler monkeys
  8 crimson imps (D:8)
  6 hounds
  4 orc priests
  4 jellies
  Natasha (thrice) (D:2)
  Terence (D:2)
  3 iguanas
  8 orc wizards
  9 gnolls
  5 adders
  A white imp (D:8)
  2 worms
  2 dart slugs
  35 orcs
  8 bats
  10 endoplasms
  3 giant cockroaches
  10 goblins
  12 hobgoblins
  9 jackals
  6 quokkas
  8 ball pythons
  7 frilled lizards
  37 kobolds
  7 rats
337 creatures vanquished.

Notes
Turn   | Place    | Note
-------+----------+-------------------------------------------
     0 | D:1      | BinkBink the Minotaur Fighter began the quest for the Orb.
     0 | D:1      | Reached XP level 1. HP: 19/19 MP: 0/0
   240 | D:1      | Reached XP level 2. HP: 24/27 MP: 1/1
   433 | D:1      | Reached XP level 3. HP: 32/33 MP: 2/2
  1028 | D:1      | Reached skill level 1 in Dodging
  1110 | D:2      | Noticed Natasha
  1118 | D:2      | Killed Natasha
  1119 | D:2      | Reached XP level 4. HP: 14/41 MP: 3/3
  1238 | D:2      | Noticed Natasha
  1250 | D:2      | Killed Natasha
  1255 | D:2      | Noticed Natasha
  1266 | D:2      | Killed Natasha
  1515 | D:2      | Noticed Terence
  1524 | D:2      | Killed Terence
  1525 | D:2      | Reached XP level 5. HP: 33/47 MP: 4/4
  1928 | D:2      | Found a runed translucent door.
  1929 | D:2      | Noticed Crazy Yiuf
  2058 | D:3      | Found a burning altar of Makhleb.
  2175 | D:3      | Found a runed translucent gate.
  2175 | D:3      | Found a runed translucent gate.
  2249 | D:3      | Found a runed translucent gate.
  2249 | D:3      | Noticed BinkBink's ghost (amateur DECj)
  2320 | D:3      | Found a glowing drain.
  2330 | Sewer    | Entered a sewer
  2482 | Sewer    | Reached skill level 5 in Fighting
  2482 | Sewer    | Reached skill level 5 in Shields
  2482 | Sewer    | Reached XP level 6. HP: 48/55 MP: 5/5
  2740 | D:3      | Found a faded altar of an unknown god.
  2760 | D:3      | Identified the +0 ring mail of Biyro {-Cast Regen+ Dex+6}
  2910 | D:3      | Found a stormy altar of Qazlal.
  3101 | D:4      | Reached skill level 5 in Armour
  3613 | D:5      | Entered Level 5 of the Dungeon
  3616 | D:5      | Found a blossoming altar of Fedhas.
  3683 | D:5      | Reached XP level 7. HP: 51/61 MP: 6/6
  3812 | D:5      | Reached skill level 5 in Axes
  4100 | D:5      | Reached XP level 8. HP: 70/70 MP: 7/7
  4165 | D:5      | Noticed Blork the orc
  4175 | D:5      | Killed Blork the orc
  4304 | D:5      | Identified the +3 ring mail of Uphilan {Str+3}
  5144 | D:7      | Found a shadowy altar of Dithmenos.
  5161 | D:7      | Found a staircase to the Ecumenical Temple.
  5170 | Temple   | Entered the Ecumenical Temple
  5179 | Temple   | Became a worshipper of Warmaster Okawaru
  5223 | D:7      | Reached skill level 5 in Dodging
  5312 | D:7      | Reached XP level 9. HP: 79/79 MP: 8/8
  5425 | D:7      | Found a flagged portal.
  5434 | Bailey   | Entered a bailey
  5457 | Bailey   | Noticed an orc warlord
  5501 | Bailey   | Reached * piety under Okawaru
  5677 | Bailey   | Found a runed translucent gate.
  5679 | Bailey   | Found a runed translucent gate.
  5681 | Bailey   | Found a runed translucent gate.
  6011 | Bailey   | Killed an orc warlord
  6012 | Bailey   | Reached skill level 1 in Invocations
  6573 | D:7      | Found an opulent altar of Gozag.
  6960 | D:8      | Found a glowing silver altar of Zin.
  6962 | D:8      | Noticed Erica
  6972 | D:8      | Killed Erica
  6972 | D:8      | Reached ** piety under Okawaru
  6973 | D:8      | Reached XP level 10. HP: 59/90 MP: 6/10
  7089 | D:8      | Found a radiant altar of Vehumet.
  7090 | D:8      | Noticed a two-headed ogre
  7102 | D:8      | Killed a two-headed ogre
  7102 | D:8      | Reached *** piety under Okawaru
  7346 | D:8      | Found Paysur's Jewellery Boutique.
  7934 | D:8      | Found a white marble altar of Elyvilon.
  8092 | D:9      | Noticed a two-headed ogre
  8097 | D:9      | Killed a two-headed ogre
  8097 | D:9      | Reached **** piety under Okawaru
  8892 | D:9      | Noticed a centaur warrior
  8906 | D:9      | Reached skill level 10 in Fighting
  8906 | D:9      | Reached skill level 10 in Axes
  8906 | D:9      | Reached skill level 10 in Armour
  8906 | D:9      | Reached skill level 10 in Shields
  8906 | D:9      | Reached XP level 11. HP: 19/101 MP: 2/13
  8910 | D:9      | Killed a centaur warrior
  9184 | D:9      | Reached ***** piety under Okawaru
  9194 | D:9      | Reached XP level 12. HP: 108/108 MP: 14/14
  9563 | D:9      | Identified the +8 sling "Lamul" {elec, rElec}
  9701 | D:10     | Entered Level 10 of the Dungeon
  9701 | D:10     | Found a glowing golden altar of the Shining One.
  9944 | D:10     | Found Suora's Antique Weapon Shoppe.
  9946 | D:10     | Noticed a centaur warrior
  9951 | D:10     | Killed a centaur warrior
  9965 | D:10     | Bought a steaming hand axe for 168 gold pieces
  9965 | D:10     | Identified the +10 hand axe of Xakk {speed, rPois Will+}
                  | (You bought it in a shop on level 10 of the Dungeon)
 10145 | D:10     | Found a broken altar of Ashenzari.
 10244 | D:10     | Found a snail-covered altar of Cheibriados.
 10338 | D:10     | Received a gift from Okawaru
 10391 | D:10     | Found a basalt altar of Yredelemnul.
 10476 | D:10     | Found a hide-covered altar of Uskayaw.
 10593 | D:11     | Noticed a boulder beetle
 10641 | D:11     | Killed a boulder beetle
 10709 | D:11     | Noticed a boulder beetle
 10709 | D:11     | Noticed a two-headed ogre
 10910 | D:11     | Reached skill level 5 in Invocations
 11326 | D:11     | Found a staircase to the Lair.
 11778 | D:12     | Found Zudwihof's Jewellery Shoppe.
 11778 | D:12     | Noticed a boulder beetle
 11802 | D:12     | Killed a boulder beetle
 11802 | D:12     | Received a gift from Okawaru
 11807 | D:12     | Noticed a centaur warrior
 11814 | D:12     | Reached skill level 10 in Dodging
 11821 | D:12     | Killed a centaur warrior
 11961 | D:12     | Found a staircase to the Orcish Mines.
 12037 | D:12     | Noticed a two-headed ogre
 12176 | D:12     | Found Kiecw's Antique Weapon Emporium.
 12178 | D:12     | Found Less's Assorted Antiques.
 12315 | D:12     | Found Heus's Book Shop.
 12381 | Gauntlet | Identified the "Ryebbomi"
 12382 | D:13     | Noticed a boulder beetle
 12425 | D:13     | Killed a boulder beetle
 12426 | D:13     | Reached XP level 13. HP: 80/118 MP: 16/16
 12515 | D:13     | HP: 4/118 [orc knight/+2 great sword (10)]
 12516 | D:13     | Killed from afar by an orc wizard

Illustrated notes

Levels and vault maps discovered:
D:1:      dpeg_arrival_circle_labyrinth_c, layout_loops_ring,
          kennysheep_nondescript
D:2:      layout_loops_cross, uniq_terence, uniq_crazy_yiuf_cottage,
          uniq_natasha
D:3:      layout_loops_ring, general_overflow_altar, amcnicky_altar_gilded,
          portal_sewer_entry_d, gammafunk_ghost_split,
          hellmonk_ecumenical_altar_arch_garden, fountainhead,
          kennysheep_crisscross
D:4:      layout_rooms, grunt_decor_junction
D:5:      layout_basic, fedhas_bush_and_centaur_altar,
          serial_library_hellmonk_double_dead_end, uniq_blork_the_orc
D:6:      layout_cave_pools, supply_closet_lemuel
D:7:      layout_gridville, mainiacjoe_overflow_tiny_flanked, marbit_many_paths,
          minmay_temple_entry_waves, enter_bailey_3
D:8:      layout_gridville, nicolae_elyvilon_temple_path,
          mainiacjoe_overflow_concentric_impassable,
          mainiacjoe_overflow_catwalk, serial_shops,
          nicolae_shop_back_alley_shop, minmay_nine_imps, uniq_erica
D:9:      layout_basic, minmay_starry_boxes
D:10:     layout_irregular_city, nicolae_uskayaw_dance_studio,
          lemuel_zombie_altar_yredelemnul, kennysheep_slug_shrine,
          mainiacjoe_overflow_catwalk_spiral, serial_shops, nicolae_shop_stone
D:11:     layout_cave_pools, lair_entry_dummy, serial_rivers,
          chequers_serial_rivers_large_b, chequers_serial_rivers_room_b,
          chequers_serial_rivers_small_3, chequers_serial_rivers_small_3,
          chequers_serial_rivers_micro_d, chequers_serial_rivers_micro_e
D:12:     layout_basic, david_orc_2, serial_shops, shop,
          nicolae_shop_dealshenge, nicolae_shop_tiny_real_fake_doors,
          nicolae_shop_tiny_glass
D:13:     layout_rooms, hangedman_vaults_entry_quadrant_bands,
          gauntlet_entry_generic, uniq_jorgrun
Temple:   dpeg_three_leaves_temple

Skill      XL: |  1  2  3  4  5  6  7  8  9 10 11 12 |
---------------+-------------------------------------+-----
Armour         | 4 5 6 7 8 10 12 | 12.2
Shields        | 4 5 6 7 8 10 12 | 12.2
Fighting       | 4 5 6 7 8 10 12 | 12.3
Axes           | 3 4 5 6 8 10 11 | 11.9
Dodging        | 1 2 3 5 6 8 10 | 10.5
Invocations    | 1 4 5 |  5.7

Action                     |  1- 3 |  4- 6 |  7- 9 | 10-12 | 13-15 || total
---------------------------+-------+-------+-------+-------+-------++-------
  Melee: War axe           |    58 |   157 |   167 |       |       ||   382
         Headbutt          |     9 |    19 |    34 |   129 |    14 ||   205
         Broad axe         |       |       |    10 |   160 |       ||   170
         Hand axe          |       |       |       |   345 |    60 ||   405
  Throw: Throwing net      |       |       |     2 |       |       ||     2
 Invoke: Heroism           |       |       |       |       |     1 ||     1
  Evoke: Wand              |       |       |     2 |       |       ||     2
    Use: Scroll            |       |     7 |    12 |     3 |     1 ||    23
         Potion            |       |     1 |     2 |     3 |     1 ||     7
   Stab: Invisible         |       |     4 |       |       |       ||     4
 Armour: Scale mail        |    46 |    66 |       |       |       ||   112
         Ring mail         |       |    43 |   151 |   319 |    42 ||   555
  Dodge: Dodged            |    36 |   106 |   116 |   217 |    26 ||   501
  Block: Buckler           |    15 |    57 |    63 |   160 |    21 ||   316

Table legend: (Time is in decaauts)
 A = Elapsed time spent in this place.
 B = Non-inter-level travel time spent in this place.
 C = Inter-level travel time spent in this place.
 D = Time resting spent in this place.
 E = Time spent auto-exploring this place.
 F = Levels seen in this place.
 G = Mean time per level.
                   A        B        C        D        E       F      G
               +--------+--------+--------+--------+--------+-----+--------+
         Total |  12603 |  12234 |    369 |   1637 |   7793 |  16 |  787.7 |
       Dungeon |  11364 |  10995 |    369 |   1128 |   7502 |  13 |  874.2 |
        Temple |     19 |     19 |      0 |      0 |      0 |   1 |   19.0 |
         Sewer |    300 |    300 |      0 |      0 |    194 |   1 |  300.0 |
        Bailey |    918 |    918 |      0 |    509 |     96 |   1 |  918.0 |
               +--------+--------+--------+--------+--------+-----+--------+

Top non-repeatable levels by time:
     D:9: 1666 daAuts
     D:8: 1115 daAuts
     D:1: 1096 daAuts
    D:11: 989 daAuts
     D:2: 983 daAuts
    D:10: 980 daAuts
     D:7: 949 daAuts
  Bailey: 918 daAuts
     D:5: 837 daAuts
     D:3: 822 daAuts
     D:6: 690 daAuts
    D:12: 588 daAuts
     D:4: 561 daAuts
   Sewer: 300 daAuts
    D:13: 84 daAuts
